 Seeded DCSS version 0.30.0-15-g856e2d3f33 (webtiles) character file.

Game seed: 12735965570273765983 (custom seed)

60 Pimp the Grasshopper (level 3, -6/31 HPs)
             Began as an Armataur Warper on May 19, 2023.
             Mangled by Terence
             ... wielding a +3 flail
              (10 damage)
             ... on level 2 of the Dungeon.
             The game lasted 00:03:59 (1088 turns).

Pimp the Grasshopper (Armataur Warper)              Turns: 1088, Time: 00:03:59

Health: -6/31      AC: 10    Str: 14 (16) XL:     3   Next: 80%
Magic:  6/6        EV:  2    Int: 15 (19) God:
Gold:   36         SH:  0    Dex:  9 (11) Spells: 6/6 levels left

rFire   . . .        e - +6 demon blade of the Priest {pain, Int+6}
rCold   . . .        (no shield)
rNeg    . . .        j - +0 plate armour
rPois   .            l - +0 helmet
rElec   .            (no cloak)
rCorr   .            (no gloves)
SInv    .            (no barding)
Will    .....        (no amulet) Stlth
                     (no ring)
HPRegen 0.25/turn    (no ring)
MPRegen 0.10/turn

%: roll
@: hasted, very quick
A: large, rugged brown scales 3, deformed body, armoured tail, roll, long
tongue, awkward tongue
a: no special abilities


You were on level 2 of the Dungeon.
You visited 1 branch of the dungeon, and saw 2 of its levels.

You collected 36 gold pieces.

Inventory:

Hand Weapons
 a - a +0 hand axe
 e - the +6 demon blade of the Priest (weapon) {pain, Int+6}
   (You acquired it on level 1 of the Dungeon)

   Int:       It affects your intelligence (+6).
Missiles
 d - 7 boomerangs of dispersal (quivered)
Armour
 b - a +0 leather armour
 j - a +0 plate armour (worn)
 l - a +0 helmet (worn)
Jewellery
 i - the amulet of the Raven {Faith Str+3 Int+4}
   (You acquired it on level 1 of the Dungeon)

   [amulet of faith]

   It allows you to gain divine favour quickly.
   Str:       It affects your strength (+3).
   Int:       It affects your intelligence (+4).
Scrolls
 c - 2 scrolls of blinking
 f - a scroll of identify {unknown}
 k - a scroll of teleportation {unknown}


   Skills:
 - Level 2.2 Fighting
 - Level 0.5 Long Blades
 - Level 1.7 Axes
 - Level 1.0 Throwing
 + Level 2.5 Armour
 - Level 1.6 Dodging
 - Level 2.0 Spellcasting
 + Level 0.4 Necromancy
 - Level 3.1 Translocations


You had 6 spell levels left.
You didn't know any spells.
Your spell library contained the following spells:

 Spells                   Type           Power      Damage    Failure   Level
 Blink                    Tloc           20%        N/A       100%        2
 Lesser Beckoning         Tloc           20%        N/A       100%        2
 Teleport Other           Tloc           10%        N/A       100%        3
 Vhi's Electric Charge    Tloc/Air       12%        N/A       100%        3
 Manifold Assault         Tloc           10%        N/A       100%        4


Dungeon Overview and Level Annotations

Branches:
Dungeon (2/15)

Altars:
Qazlal

Annotations:
D:2 Terence


Innate Abilities, Weirdness & Mutations

You are completely covered in rugged brown scales. (AC +3, +7% HP)
Armour fits poorly on your strangely shaped body.
You have a long armoured tail.
You roll when moving toward enemies. (Rampage)
Your long tongue fully drains potion bottles. (2x potion effects)
Your tongue gives you trouble enunciating. (1.5x scroll delay)


Message History

There is a stormy altar of Qazlal here.
c - 2 scrolls of blinking (gained 1)
An endoplasm comes into view.
The endoplasm quivers.
The endoplasm moves out of view.
Terence the Incautious comes into view.
He is wielding a +3 flail.
Found a robe.
Found an escape hatch in the floor.
Terence shouts!
Terence moves out of view.
The endoplasm hits you but does no damage.
You slash the endoplasm!
You kill the endoplasm!
You hear an angry hiss.
A frilled lizard comes into view.
You slash the frilled lizard!
You kill the frilled lizard!
You roll towards Terence!
You slash Terence!
Terence is severely wounded.
Terence hits you with a +3 flail.
You completely miss Terence.
Terence is severely wounded.
Terence hits you with a +3 flail! Terence hits you with a +3 flail.
You hit Terence. You tail-slap Terence.
Terence is severely wounded.
Terence hits you with a +3 flail.
* * * LOW HITPOINT WARNING * * *
It was a potion of degeneration.
There was something very wrong with that liquid.
You feel weakened.
You feel dopey.
You feel clumsy.
You slurp down every last drop of the potion of degeneration!
Terence hits you with a +3 flail.
* * * LOW HITPOINT WARNING * * *
It was a potion of haste.
You feel yourself speed up.
You slurp down every last drop of the potion of haste!
Terence hits you with a +3 flail.
* * * LOW HITPOINT WARNING * * *
You closely miss Terence.
Terence is severely wounded.
Terence hits you with a +3 flail!
You die...

............####
#########......###.
#)......... #
#.._...### .#
#.....#### .#
#.......<#..#
#...#.######..#
#.#.#.........###
#.#.######@.....# #
#........@....# #
#######..>[..# #
#......# # #......#
# ######## # #


You could see Terence.

Vanquished Creatures
  2 adders (D:2)
  A worm (D:2)
  5 ball pythons
  A bat (D:2)
  4 endoplasms
  3 goblins
  3 hobgoblins (D:1)
  3 jackals (D:1)
  4 kobolds
  3 quokkas
  A frilled lizard (D:2)
  4 rats
34 creatures vanquished.

Notes
Turn   | Place    | Note
-------+----------+-------------------------------------------
     0 | D:1      | Pimp the Armataur Warper began the quest for the Orb.
     0 | D:1      | Reached XP level 1. HP: 18/18 MP: 3/3
   117 | D:1      | Reached skill level 1 in Throwing
   153 | D:1      | Reached XP level 2. HP: 23/25 MP: 4/4
   243 | D:1      | Identified 2 scrolls of acquirement
   243 | D:1      | Acquired the amulet of the Raven {Faith Str+3 Int+4}
   245 | D:1      | Acquired the +6 demon blade of the Priest {pain, Int+6}
   641 | D:2      | Reached XP level 3. HP: 20/31 MP: 5/5
  1068 | D:2      | Found a stormy altar of Qazlal.
  1079 | D:2      | Noticed Terence
  1088 | D:2      | Mangled by Terence

Illustrated notes

Levels and vault maps discovered:
D:1:      dpeg_arrival_long_road, layout_loops_cross, hex_tiny
D:2:      minmay_evil_eye, layout_basic, basic_altar, minmay_ruptured,
          uniq_terence

Skill      XL: |  1  2  3 |
---------------+----------+-----
Throwing       | 1 |  1.0
Fighting       | 2 |  2.2
Armour         | 2 |  2.5
Spellcasting   | 2 |  2.0
Long Blades    | |  0.5
Axes           | |  1.7
Dodging        | |  1.6
Necromancy     | |  0.4
Translocations | |  3.1

Action                     || total
---------------------------++-------
  Melee: Hand axe          ||    32
         Tailslap          ||     6
         Demon blade       ||    55
    Use: Scroll            ||     2
         Potion            ||     2
 Armour: Leather armour    ||    23
         Plate armour      ||    14
  Dodge: Dodged            ||    32
